 Dungeon Crawl Stone Soup version 0.31.0-32-g396128a36d (webtiles) character file.

Game seed: 3043595234724555041

604212 James the Portalist (level 26, 0/219 HPs)
             Began as a Grey Draconian Hexslinger on Mar 17, 2024.
             Was an Initiate of Gozag.
             Slain by Dissolution (51 damage)
             ... on level 5 of the Pits of Slime on Mar 18, 2024.
             The game lasted 06:00:35 (81851 turns).

James the Portalist (Grey Draconian Hexslinger)    Turns: 81851, Time: 06:00:36

Health: 0/219      AC: 28    Str: 15 (19) XL:     26   Next: 57%
Magic:  27/37      EV: 15    Int: 10 (18) God:    Gozag
Gold:   8029       SH:  0    Dex:  6 (15) Spells: 7/54 levels left

rFire   + . .        a - +8 storm bow {elec, penet}
rCold   + + .        (shield currently unavailable)
rNeg    + + .        (body armour unavailable)
rPois   +            e - +0 mask of the Dragon {Will+ Slay+3 SInv}
rElec   +            y - +0 cloak of the Pits of Slime {rF+ rC++ Str+4}
rCorr   +            M - +2 pair of gloves {Str+3}
SInv    +            D - +2 pair of boots {Fly}
Will    +++++        k - amulet "Veuluroenaco" {rElec Regen+} Stlth
                     Z - ring "Qiefrype" {rPois Will+++ rCorr AC+4 Dex-5}
HPRegen 1.36/turn    l - ring "Plog" {rPois rF+ rN++ Will+ Stlth-}
MPRegen 0.25/turn

%: no passive effects
@: portalling projectiles, fragile (+50% incoming damage), flying, studying
Maces & Flails
A: AC +17, amphibious, unfitting armour, cold-blooded, talons 2, clever 1,
clumsy 1, frail 1, low MP 1, heat vulnerability 1, subdued magic 1, inability to
drink after injury 1
}: 3/15 runes: barnacled, silver, gossamer
a: Renounce Religion, Potion Petition, Call Merchant, Bribe Branch


You were on level 5 of the Pits of Slime.
You worshipped Gozag.
Gozag was greatly pleased with you.
You visited 12 branches of the dungeon, and saw 55 of its levels.
You also visited: Trove, Wizlab and Desolation.

You collected 31397 gold pieces.
You spent 6722 gold pieces at shops.
You paid 16646 gold pieces to Gozag.

Inventory:

Hand Weapons
 a - the +8 storm bow (weapon) {elec, penet}
   (You bought it in a shop on level 4 of the Lair of Beasts)
 b - a +9 demon whip of flaming
   (You took it off a hell knight on level 5 of the Vaults)
 w - a +5 heavy arbalest
   (You took it off a vampire knight on level 1 of the Crypt)
 T - the +5 quarterstaff of Jaepnoch {freeze, ^Contam rF- rN+++ Dex+4}
   (You found it on level 3 of the Realm of Zot)

   Dex+4:     It affects your dexterity (+4).
   rF-:       It makes you vulnerable to fire.
   rN+++:     It renders you almost immune to negative energy.
   ^Contam:   It causes magical contamination when unequipped.
Missiles
 n - 7 throwing nets {!f}
 I - 17 curare-tipped darts {!f}
Armour
 e - the +0 mask of the Dragon (worn) {Will+ Slay+3 SInv}
   (You found it in a treasure trove)

   Slay+3:    It affects your accuracy & damage with ranged weapons and melee
   (+3).
   Will+:     It increases your willpower.
   SInv:      It lets you see invisible.
 t - a +0 cloak of preservation
   (You found it in the Desolation of Salt)
 y - the +0 cloak of the Pits of Slime (worn) {rF+ rC++ Str+4}
   (You bought it in a shop on level 2 of the Orcish Mines)

   Str+4:     It affects your strength (+4).
   rF+:       It protects you from fire.
   rC++:      It greatly protects you from cold.
 D - a +2 pair of boots of flying (worn)
   (You found it in a treasure trove)
 M - a +2 pair of gloves of strength (worn)
   (You found it in a treasure trove)
 S - a scarf of invisibility
   (You found it on level 2 of the Realm of Zot)
Jewellery
 c - a +6 ring of intelligence
   (You found it in the Desolation of Salt)
 g - a +4 ring of protection
   (You found it on level 1 of the Dungeon)
 k - the amulet "Veuluroenaco" (around neck) {rElec Regen+}
   (You bought it in a shop on level 3 of the Lair of Beasts)

   [amulet of regeneration]

   rElec:     It insulates you from electricity.
   Regen+:    It increases your rate of health regeneration.
 l - the ring "Plog" (right hand) {rPois rF+ rN++ Will+ Stlth-}
   (You found it in the Desolation of Salt)

   [ring of willpower]

   rF+:       It protects you from fire.
   rPois:     It protects you from poison rN++: It greatly protects you from
   negative energy.
   Will+:     It increases your willpower.
   Stlth-:    It makes you less stealthy.
 U - the amulet "Xishromopp" {Spirit rPois Int+3 Slay+5}
   (You took it off an orc on level 5 of the Vaults)

   [amulet of guardian spirit]

   Spirit:    It causes incoming damage to be divided between your reserves of
   health and magic.
   Int+3:     It affects your intelligence (+3).
   Slay+5:    It affects your accuracy & damage with ranged weapons and melee
   (+5).
   rPois:     It protects you from poison
 Z - the ring "Qiefrype" (left hand) {rPois Will+++ rCorr AC+4 Dex-5}
   (You took it off a deep elf death mage on level 3 of the Elven Halls)

   [ring of protection]

   AC+4:      It affects your AC (+4).
   Dex-5:     It affects your dexterity (-5).
   rPois:     It protects you from poison Will+++: It greatly increases your
   willpower.
   rCorr:     It protects you from acid and corrosion.
Talismans
 O - a talisman of death
   (You found it on level 8 of the Dungeon)
Wands
 u - a wand of paralysis (35)
   (You found it on level 3 of the Shoals)
 v - a wand of digging (10)
   (You found it on level 4 of the Vaults)
 x - a wand of acid (30)
   (You found it on level 8 of the Dungeon)
 E - a wand of polymorph (41)
   (You took it off Maurice on level 8 of the Dungeon)
 P - a wand of roots (73)
   (You found it on level 6 of the Dungeon)
Scrolls
 d - 28 scrolls of teleportation {@r4}
 h - 7 scrolls of blinking
 i - a scroll of revelation
 m - 2 scrolls of enchant armour
 s - 5 scrolls of immolation {!r}
 J - 4 scrolls of vulnerability {!r}
 K - 5 scrolls of summoning
 Q - 13 scrolls of fear
 Y - 15 scrolls of fog
Potions
 j - 4 potions of resistance
 o - 12 potions of curing {@q1}
 p - 9 potions of enlightenment
 q - 6 potions of lignification {!q}
 r - 4 potions of berserk rage
 z - 2 potions of haste {@q3}
 A - 2 potions of brilliance
 B - 5 potions of magic
 C - 8 potions of might
 F - 7 potions of heal wounds {@q2}
 L - 3 potions of invisibility
 N - 5 potions of mutation {!q}
 R - 6 potions of ambrosia
 V - 2 potions of cancellation
Miscellaneous
 f - a phantom mirror
   (You found it in a wizard's laboratory)
 G - a lightning rod (4/4) {!a}
   (You found it on level 1 of the Vaults)
 W - a phial of floods
   (You found it on level 5 of the Vaults)
 X - a sack of spiders
   (You found it on level 4 of the Vaults)


   Skills:
 - Level 21.0 Fighting
 - Level 12.0 Maces & Flails
 - Level 22.4 Ranged Weapons
 - Level 16.9 Dodging
 - Level 14.9 Spellcasting
 - Level 16.8 Hexes
 + Level 25.4 Translocations
 - Level 3.0 Fire Magic


You had 7 spell levels left.
You knew the following spells:

 Your Spells              Type           Power      Damage    Failure   Level
a - Jinxbite              Hex            62%        N/A       0%          2
b - Sigil of Binding      Hex            31%        N/A       0%          3
c - Inner Flame           Hex/Fire       21%        N/A       1%          3
d - Dimensional Bullseye  Hex/Tloc       19%        N/A       0%          4
e - Teleport Other        Tloc           44%        N/A       0%          3
f - Cause Fear            Hex            15%        N/A       1%          4
g - Blink                 Tloc           88%        N/A       0%          2
h - Dispersal             Tloc           22%        N/A       1%          6
i - Enfeeble              Hex            15%        N/A       5%          7
j - Disjunction           Tloc           22%        N/A       1%          8
k - Apportation           Tloc           88%        N/A       0%          1
v - Passage of Golubria   Tloc           44%        N/A       0%          4

Your spell library contained the following spells:

 Spells                   Type           Power      Damage    Failure   Level
 Lesser Beckoning         Tloc           88%        N/A       0%          2
 Confusing Touch          Hex            31%        N/A       0%          3
 Gell's Gravitas          Tloc           44%        N/A       0%          3
 Tukima's Dance           Hex            31%        N/A       0%          3
 Ensorcelled Hibernation  Hex/Ice        36%        N/A       1%          2
 Momentum Strike          Conj/Tloc      50%        3d9       1%          2
 Volatile Blastmotes      Fire/Tloc      54%        2d14      1%          3
 Anguish                  Hex/Necr       9%         N/A       1%          4
 Iskenderun's Mystic Bla  Conj/Tloc      25%        2d7       1%          4
 Summon Forest            Summ/Tloc      12%        N/A       1%          5
 Scorch                   Fire           20%        2d5       2%          2
 Metabolic Englaciation   Hex/Ice        9%         N/A       5%          5
 Yara's Violent Unravell  Hex/Alch       9%         3d6       5%          5
 Kiss of Death            Conj/Necr      20%        2d7       7%          1
 Magic Dart               Conj           20%        1d4       7%          1
 Necrotise                Necr           20%        1d5       7%          1
 Sandblast                Erth           10%        2d5       7%          1
 Shock                    Conj/Air       20%        1d4       7%          1
 Sting                    Conj/Alch      20%        1d4       7%          1
 Summon Small Mammal      Summ           20%        N/A       7%          1
 Call Imp                 Summ           10%        N/A       11%         2
 Cigotuvi's Dreadful Rot  Necr/Alch/Air  10%        N/A       11%         2
 Mercury Vapours          Alch/Air       10%        N/A       11%         2
 Searing Ray              Conj           10%        2d4       11%         2
 Static Discharge         Conj/Air       10%        3-4/arc   11%         2
 Sublimation of Blood     Necr           5%         N/A       11%         2
 Call Canine Familiar     Summ           5%         N/A       22%         3
 Frozen Ramparts          Ice            10%        1d2       22%         3
 Fugue of the Fallen      Necr           5%         N/A       22%         3
 Hailstorm                Conj/Ice       5%         3d5       22%         3
 Ozocubu's Armour         Ice            5%         N/A       22%         3
 Summon Ice Beast         Ice/Summ       5%         N/A       22%         3
 Swiftness                Air            5%         N/A       22%         3
 Vampiric Draining        Necr           5%         2d6       22%         3
 Malign Gateway           Summ/Tloc      12%        N/A       32%         7
 Summon Blazeheart Golem  Fire/Summ      8%         N/A       36%         4
 Airstrike                Air            2%         2d(1-17)  58%         4
 Dispel Undead            Necr           5%         3d7       58%         4
 Fulminant Prism          Conj/Alch      2%         3d5       58%         4
 Leda's Liquefaction      Alch/Erth      2%         N/A       58%         4
 Martyr's Knell           Necr/Summ      5%         N/A       58%         4
 Olgreb's Toxic Radiance  Alch           5%         N/A       58%         4
 Petrify                  Alch/Erth      5%         N/A       58%         4
 Summon Lightning Spire   Summ/Air       5%         N/A       58%         4
 Alistair's Intoxication  Alch           3%         N/A       91%         5
 Arcjolt                  Conj/Air       2%         1d12      91%         5
 Borgnjor's Vile Clutch   Necr/Erth      2%         N/A       91%         5
 Curse of Agony           Necr           5%         N/A       91%         5
 Irradiate                Conj/Alch      2%         3d12      91%         5
 Iskenderun's Battlesphe  Conj           5%         2d6       91%         5
 Lee's Rapid Deconstruct  Erth           2%         3d5*      91%         5
 Bombard                  Conj/Erth      2%         9d1       100%        6
 Death Channel            Necr           2%         N/A       100%        6
 Eringya's Noxious Bog    Alch           2%         4d6       100%        6
 Plasma Beam              Fire/Air       4%         2x1d14    100%        6
 Sculpt Simulacrum        Ice/Alch       2%         N/A       100%        6
 Haunt                    Necr/Summ      2%         N/A       100%        7
 Orb of Destruction       Conj           2%         9d5       100%        7
 Ozocubu's Refrigeration  Ice            2%         4d8       100%        7
 Spellforged Servitor     Conj/Summ      2%         N/A       100%        7
 Summon Hydra             Summ           2%         N/A       100%        7
 Death's Door             Necr           2%         N/A       100%        9
 Fire Storm               Conj/Fire      4%         8d1       100%        9
 Polar Vortex             Ice            2%         N/A       100%        9
 Animate Armour           Summ/Erth      Unusable   N/A       N/A         4

Dungeon Overview and Level Annotations

Branches:
Dungeon (15/15)            Temple (1/1) D:6            Lair (5/5) D:9
 Shoals (4/4) Lair:3       Spider (4/4) Lair:3        Slime (5/5) Lair:4
    Orc (2/2) D:9             Elf (3/3) Orc:2        Vaults (5/5) D:13
  Crypt (2/3) Vaults:2     Depths (4/4) D:15            Zot (5/5) Depths:4
 WizLab (visited)         Desolation (visited)

Altars:
Ashenzari
Cheibriados
Dithmenos
Elyvilon
Fedhas
Gozag
Hepliaklqana
Kikubaaqudgha
Makhleb
Nemelex Xobeh
Okawaru
Qazlal
Ru
Sif Muna
Trog
Uskayaw
Vehumet
Wu Jian
Xom
Yredelemnul
Zin
The Shining One

Shops:
D:4 ?   D:9 *   D:13 =:   Orc:2 :([((:   Elf:1 ::   Elf:2 [[=[   Elf:3 :?(?
Lair:3 (=[   Lair:4 (   Shoals:3 :   Vaults:2 !   Vaults:3 !   Vaults:4 [
Depths:1 *   Depths:2 =   Depths:3 :=:   Depths:4 *[[

Portals:
Hell: Depths:1 Depths:2 Depths:3 Depths:4
Abyss: Depths:1 Depths:2 Depths:3 Depths:4
Pandemonium: Depths:1 Depths:2 Depths:3
Ziggurat: Depths:1

Annotations:
Lair:5 2 transporters, Nischiwk's ghost, journeyman TrSh
Slime:5 Dissolution
Elf:2 5 runed translucent doors, exclusion: 5 doors
Crypt:2 Khufu
Depths:2 1 runed translucent door, exclusion: door
Depths:4 1 runed translucent door, exclusion: door, Beghahau's ghost, veteran SpBr
Zot:5 exclusion: door


Innate Abilities, Weirdness & Mutations

Your dull iron-grey scales are very hard. (AC +17)
You are amphibious.
You cannot fit into any form of body armour.
You are cold-blooded and may be slowed by cold attacks.
You have razor-sharp toenails.
Your mind is acute. (Int +4, Str/Dex -1)
You are clumsy. (Dex -2)
You are frail. (-10% HP)
Your magical capacity is low. (-10% MP)
You are vulnerable to heat. (rF-)
Your spells are a little easier to cast, but a little less powerful.
You occasionally lose the ability to drink potions when taking damage.


Message History

The glass eye dissolves into a puddle of slime!
The great orb of eyes dissolves into a puddle of slime!
There is a stone staircase leading down, spattered with blood here.
Press: ? - help, Dir - move target, f - Dissolution
Aim: Dissolution (heavily wounded)
You create a dimensional link between your ranged weaponry and Dissolution.
Dissolution gurgles deeply, a call to fellow slimes.
You shoot an arrow.
The arrow pierces through the glass eye!!
Your projectile teleports!
The arrow pierces through Dissolution!
You shoot an arrow.
The arrow pierces through the glass eye!
Your projectile teleports!
The arrow pierces through Dissolution.
Lightning courses through Dissolution!
Dissolution gurgles deeply, a call to fellow slimes.
The glass eye gazes at you.
You feel your fragility will last longer.
Fire: a) +8 storm bow {elec, penet}
Press: ? - help, Q - select action, (/) - cycle Shift-Dir - straight line, f/p - glass eye
Aim: a glass eye (severely wounded, summoned, 74% to hit)
You shoot an arrow. The arrow barely misses the glass eye.
Your projectile teleports!
The arrow pierces through Dissolution!!
Dissolution hits you!!
You are splashed with acid.
You resist. Dissolution hits you!!
* * * LOW HITPOINT WARNING * * *
You are splashed with acid.
You resist.
* * * LOW HITPOINT WARNING * * *
The glass eye gazes at you.
You feel your fragility will last longer.
Dissolution gurgles deeply, a call to fellow slimes.
You fly downwards.
The glass eye dissolves into a puddle of slime! x2
The shining eye dissolves into a puddle of slime!
The golden eye dissolves into a puddle of slime!
There is a stone staircase leading up, spattered with blood here.
Press: ? - help, Dir - move target, f - Dissolution
Aim: Dissolution (severely wounded)
You create a dimensional link between your ranged weaponry and Dissolution.
Dissolution hits you!!
* * * LOW HITPOINT WARNING * * *
You are splashed with acid.
You resist.
* * * LOW HITPOINT WARNING * * *
Dissolution hits you!
* * * LOW HITPOINT WARNING * * *
You are splashed with acid.
You resist.
* * * LOW HITPOINT WARNING * * *
You feel much better. Dissolution hits you!!
You die...
Your body crumbles into a pile of gold.

.....
###..#####
.....#..
#......
#....#
###..##
#..J..#
##...@.#
##..#...#
#..######
#...#
#...#
#...#
##.######
.
#...#...#
G.
#.......#
...


You could see Dissolution (bullseye target).

Vanquished Creatures
  Frederick (Depths:3)
  3 orbs of fire
  6 dread liches
  3 ancient liches
  2 juggernauts
  Sojobo (Depths:2)
  2 royal mummies (Crypt:1)
  12 Killer Klowns
  Saint Roka (Vaults:3)
  The ghost of eruonna the Slayer, a veteran HOBe of Trog (Vaults:1)
  10 golden dragons
  2 doom hounds (Zot:4)
  4 electric golems
  A shard shrike zombie (Crypt:1)
  19 tentacled monstrosities
  7 liches
  2 walking earthen tomes (WizLab)
  A titan (Vaults:5)
  Grunn (Zot:4)
  2 deep elf blademasters
  16 Orb Guardians
  7 sphinxes
  A walking frostbound tome (Depths:3)
  9 quicksilver dragons
  2 deep elf master archers (Elf:3)
  Polyphemus (Shoals:1)
  An ancient champion (Vaults:1)
  9 acid blobs
  12 death cobs
  Agnes (Elf:2)
  15 shadow dragons
  Gastronok (Lair:2)
  A draconian knight (Zot:1)
  2 strange machines (WizLab)
  Roxanne (Shoals:1)
  5 tengu reavers
  4 protean progenitors
  16 storm dragons
  6 emperor scorpions
  4 draconian monks
  7 azure jellies
  11 rockslimes
  2 imperial myrmidons (Desolation)
  3 iron dragons
  7 fire giants
  8 frost giants
  2 revenants (Crypt:1)
  2 draconian scorchers
  Ilsuiw (Shoals:4)
  13 vault wardens
  A balrug (Depths:2)
  A curse skull (Crypt:1)
  6 deep elf sorcerers
  8 ghost moths
  6 spectral caustic shrikes
  2 draconian stormcallers
  2 orc warlords (Vaults:1)
  8 draconian shifters
  5 deep elf elementalists
  4 draconian annihilators
  17 ironbound preservers
  3 spriggan defenders
  15 stone giants
  10 very ugly things
  14 ironbound thunderhulks
  3 quicksilver oozes
  10 vampire knights
  8 formless jellyfish
  A lorocyproca (Depths:1)
  2 black draconians
  9 deep elf demonologists
  17 dire elephants
  7 deep elf annihilators
  5 deep elf death magi
  8 purple draconians
  4 green draconians
  7 white draconians
  23 yellow draconians
  5 spark wasps
  A halazid warlock (Desolation)
  A war gargoyle (Vaults:5)
  Snorg (D:13)
  10 red draconians
  4 eidola (Crypt:1)
  10 ettins
  5 crystal guardians
  A spectral quicksilver dragon (Crypt:1)
  5 merfolk javelineers (Shoals:4)
  4 merfolk impalers
  12 fire dragons
  11 ragged hierophants (Desolation)
  A spriggan zombie (Crypt:1)
  Josephine (Lair:3)
  5 deep elf high priests
  9 jiangshi
  7 rakshasas
  5 entropy weavers
  7 great orbs of eyes
  A spectral spriggan (Crypt:1)
  A spectral fenstrider witch (Crypt:1)
  10 yaktaur captains
  2 jorogumos
  10 peacekeepers
  A quicksilver dragon skeleton (Vaults:5)
  5 ironbound frosthearts
  3 spriggan air magi
  9 ice dragons
  5 hydras
  12 servants of whispers (Desolation)
  A spectral shadow dragon (Crypt:1)
  A caustic shrike simulacrum (Crypt:2)
  A spectral stone giant (Crypt:1)
  9 boulder beetles
  2 alligator snapping turtles (Shoals:4)
  4 radroaches
  2 ogre magi (Vaults:5)
  33 vault guards
  4 centaur warriors
  2 hell beasts (Crypt:1)
  4 catoblepae
  8 two-headed ogres
  7 merfolk avatars
  9 merfolk aquamancers
  3 death knights
  A satyr (Shoals:2)
  11 demonic crawlers
  25 dancing weapons
  9 vampire magi
  9 death yaks
  A deep troll shaman (Depths:3)
  2 occultists (Depths:2)
  4 tengu warriors
  2 deep troll earth magi (Depths:3)
  4 spriggan berserkers
  Urug (Lair:1)
  A shock serpent (shapeshifter) (Vaults:5)
  A soul eater (Crypt:1)
  13 hell knights
  7 orc high priests
  2 spectral dire elephants (Crypt:1)
  A storm dragon zombie (Vaults:5)
  5 shadow wraiths
  8 deep elf knights
  2 sun demons (Depths:2)
  An iron troll (Depths:3)
  A fire crab (shapeshifter) (Vaults:1)
  7 pharaoh ants
  4 skeletal warriors
  2 salamander mystics
  3 skysharks (Shoals:1)
  6 glowing orange brains
  14 sea snakes
  A flayed ghost (Crypt:1)
  10 orb spiders
  A glowing orange brain (shapeshifter) (Vaults:1)
  21 deep trolls
  4 arcanists
  24 deep elf zephyrmancers
  15 deep elf archers
  A tengu zombie (Vaults:5)
  30 deep elf pyromancers
  20 ironbound convokers
  4 harpies (Vaults:2)
  12 phantasmal warriors
  9 lindwurms
  An oklob plant (Zot:1)
  30 ugly things
  5 necromancers
  15 orc knights
  6 salamanders
  8 steelbarb worms
  11 wolf spiders
  A faun (shapeshifter) (Vaults:5)
  A goliath frog skeleton (Crypt:1)
  21 moths of wrath
  8 shining eyes
  14 manticores
  3 orc sorcerers
  Maurice (D:8)
  A centaur zombie (Crypt:2)
  6 cyclopes
  A moth of wrath (shapeshifter) (Depths:3)
  5 merfolk sirens
  A black mamba (Lair:5)
  A kobold blastminer (Orc:1)
  9 fauns
  A gargoyle (D:14)
  6 meliai
  2 molten gargoyles
  17 vault sentinels
  6 eyes of devastation
  3 elephants (Zot:2)
  2 torpor snails
  12 water nymphs
  6 guardian serpents (Desolation)
  A naga zombie (Crypt:2)
  A smoke demon (D:10)
  A cane toad (shapeshifter) (Elf:1)
  A torpor snail (shapeshifter) (Vaults:5)
  9 cane toads
  Joseph (D:7)
  Maggie (D:8)
  An eye of devastation (shapeshifter) (Vaults:1)
  4 kobold demonologists
  A rime drake (Lair:3)
  9 freezing wraiths
  3 ice devils
  4 komodo dragons
  Psyche (D:9)
  An anaconda simulacrum (Crypt:1)
  21 yaktaurs
  A tengu conjurer (Depths:3)
  A harpy zombie (Crypt:1)
  A yaktaur skeleton (Vaults:5)
  A spectral harpy (Crypt:1)
  A queen bee (shapeshifter) (Vaults:5)
  The ghost of riffraff the Chopper, an amateur HOFi of Qazlal (D:3)
  8 hornets
  2 trolls
  29 merfolk
  21 tarantellas
  A harpy skeleton (Crypt:1)
  A merfolk (shapeshifter) (Vaults:5)
  A polar bear (shapeshifter) (Depths:4)
  3 polar bears
  85 saltlings (Desolation)
  3 wind drakes
  A troll (shapeshifter) (D:15)
  A hellwing (D:10)
  15 dream sheep
  A hornet (shapeshifter) (Elf:2)
  An ettin zombie (Crypt:1)
  23 blink frogs
  A dream sheep (shapeshifter) (Vaults:4)
  A spectral black mamba (Crypt:1)
  13 snapping turtles
  A stone giant simulacrum (Crypt:1)
  4 glass eyes
  136 slime creatures
  27 jumping spiders
  25 culicivoras
  2 shadows
  3 air elementals
  14 water elementals
  5 wyverns
  6 spriggans
  54 yaks
  3 basilisks
  8 wraiths
  3 vampires
  5 golden eyes
  A dire elephant simulacrum (Crypt:1)
  A human (shapeshifter) (D:15)
  9 humans (Zot:2)
  7 fire elementals
  A redback (shapeshifter) (Vaults:5)
  6 vampire mosquitoes
  54 redbacks
  A harpy simulacrum (Crypt:1)
  A chaos spawn (D:10)
  A swamp worm (shapeshifter) (Vaults:5)
  4 acid dragons
  23 water moccasins
  43 orc warriors
  A two-headed ogre skeleton (Crypt:1)
  22 laughing skulls
  A sky beast (D:8)
  13 ogres
  8 wolves
  A crocodile (shapeshifter) (Depths:2)
  An ogre (shapeshifter) (D:13)
  A snapping turtle skeleton (Crypt:1)
  16 centaurs
  A phantom (D:7)
  4 earth elementals
  4 kobold brigands
  7 bullfrogs
  A gnoll sergeant (D:9)
  A warg zombie (Crypt:1)
  3 scorpions
  9 wights
  6 killer bees (D:9)
  4 howler monkeys
  5 hounds
  3 quasits (D:10)
  18 jellies
  35 orc priests
  3 iguanas (D:6)
  A basilisk skeleton (Crypt:1)
  25 orc wizards
  A scorpion zombie (Crypt:1)
  A mummy (Crypt:2)
  6 gnolls
  10 adders
  2 shadow imps (D:5)
  A white imp (D:7)
  A ribbon worm zombie (Crypt:1)
  2 ufetubi (D:6)
  2 dart slugs (D:1)
  88 orcs
  A bat zombie (Crypt:1)
  8 endoplasms
  2 giant cockroaches
  7 goblins
  5 hobgoblins
  23 kobolds
  2 quokkas (D:1)
  4 ball pythons
  A ball python skeleton (Crypt:1)
  3 bats
  A frilled lizard (D:3)
  A hobgoblin skeleton (Crypt:1)
  A rat (D:1)
2306 creatures vanquished.

Vanquished Creatures (others)
  A Killer Klown (Zot:5)
  Nikola (Spider:2)
  A draconian shifter (Zot:5)
  A spark wasp (Depths:4)
  A merfolk aquamancer (Shoals:3)
  2 deep elf knights
  A deep elf zephyrmancer (Elf:2)
  A water elemental (D:12)
  2 kobold brigands (D:12)
  2 electric eels (D:12)
  3 kobolds (D:12)
16 creatures vanquished.

Grand Total: 2322 creatures vanquished

Notes
Turn   | Place    | Note
-------+----------+-------------------------------------------
     0 | D:1      | James the Draconian Hexslinger began the quest for the Orb.
     0 | D:1      | Reached XP level 1. HP: 16/16 MP: 2/2
    66 | D:1      | Reached XP level 2. HP: 21/23 MP: 3/3
    72 | D:1      | Learned a level 2 spell: Jinxbite
   581 | D:1      | Reached XP level 3. HP: 29/29 MP: 4/4
  1349 | D:2      | Found a faded altar of an unknown god.
  1691 | D:3      | Noticed an ogre
  1691 | D:3      | Noticed riffraff's ghost (amateur HOFi)
  1692 | D:3      | Noticed an ogre
  1693 | D:3      | Found a transporter.
  1693 | D:3      | Identified the +5 dire flail of Pix Nief {freeze, Fly
                  | Dex+3}
  1693 | D:3      | Noticed an ogre
  1738 | D:3      | Reached XP level 4. HP: 33/37 MP: 2/5
  2280 | D:3      | Reached XP level 5. HP: 42/42 MP: 3/6
  2418 | D:3      | Found a transporter.
  2725 | D:4      | Identified the +1 ring mail of Divine Intervention {Str+2
                  | Dex+6}
  2855 | D:4      | Found Rejarha's Magic Scroll Shop.
  3943 | D:4      | Reached XP level 6. HP: 51/51 MP: 5/7
  4005 | D:4      | Bought a scroll of identify for 22 gold pieces
  4005 | D:4      | Bought a scroll of identify for 22 gold pieces
  4005 | D:4      | Bought a scroll of identify for 22 gold pieces
  4112 | D:4      | Bought a scroll of blinking for 82 gold pieces
  4192 | D:5      | Entered Level 5 of the Dungeon
  4351 | D:5      | Noticed a water moccasin
  4359 | D:5      | Killed a water moccasin
  4813 | D:5      | Reached skill level 5 in Ranged Weapons
  4813 | D:5      | Your scales start taking on a dull iron-grey colour.
  4813 | D:5      | Reached XP level 7. HP: 46/59 MP: 6/8
  4946 | D:5      | Found a stormy altar of Qazlal.
  4946 | D:5      | Found a basalt altar of Yredelemnul.
  5077 | D:5      | Identified the +6 spear "Hyxecugger" {pain, rElec rC+ rCorr
                  | Int+3}
  5271 | D:6      | Found a staircase to the Ecumenical Temple.
  5283 | Temple   | Entered the Ecumenical Temple
  5360 | D:6      | Found an iron altar of Okawaru.
  5547 | D:6      | Found a hazy altar of Hepliaklqana.
  5846 | D:6      | Reached XP level 8. HP: 64/67 MP: 7/10
  6013 | D:6      | Reached skill level 5 in Fighting
  6660 | D:7      | Reached skill level 5 in Dodging
  6736 | D:7      | Noticed Joseph
  6769 | D:7      | Killed Joseph
  7167 | D:7      | Reached XP level 9. HP: 75/75 MP: 9/12
  7797 | D:8      | Noticed a kobold demonologist
  7857 | D:8      | Noticed a hellwing
  7862 | D:8      | Gained mutation: You are occasionally teleported next to
                  | monsters. [a neqoxec]
  7864 | D:8      | Gained mutation: Your magical capacity is low. (-10% MP) [a
                  | neqoxec]
  7866 | D:8      | Gained mutation: You are weak. (Str -2) [a neqoxec]
  7868 | D:8      | Killed a kobold demonologist
  7881 | D:8      | Reached XP level 10. HP: 69/88 MP: 7/11
  7944 | D:8      | Identified the +5 rapier "Oritog" {freeze, Dex+3}
  7962 | D:8      | Noticed an orange demon
  8089 | D:8      | Identified the +1 leather armour of Jaudghe {Harm +Inv}
  8156 | D:8      | Noticed Maggie
  8163 | D:8      | Noticed Maurice
  8185 | D:8      | Killed Maggie
  8186 | D:8      | Reached skill level 10 in Ranged Weapons
  8259 | D:8      | Maurice stole 7 curare-tipped darts {!f}
  8261 | D:8      | Maurice stole a +5 spectral quarterstaff
  8328 | D:8      | Noticed a two-headed ogre
  8367 | D:8      | Killed Maurice
  8559 | D:8      | Killed a two-headed ogre
  8882 | D:8      | Learned a level 3 spell: Sigil of Binding
  8883 | D:9      | Noticed Psyche
  8888 | D:9      | Killed Psyche
  8907 | D:9      | Found Yvogry's Overcharged Wands.
  8935 | D:9      | Identified the ring "Fetigob" {*Slow Str+4 SInv}
  9437 | D:9      | Lost mutation: You are weak. (Str -2) [potion of mutation]
  9437 | D:9      | Lost mutation: You are occasionally teleported next to
                  | monsters. [potion of mutation]
  9437 | D:9      | Lost mutation: Your magical capacity is low. (-10% MP)
                  | [potion of mutation]
  9437 | D:9      | Gained mutation: You have a pair of small horns on your
                  | head. [potion of mutation]
  9769 | D:9      | Reached XP level 11. HP: 91/94 MP: 14/14
  9788 | D:9      | Found a staircase to the Orcish Mines.
  9842 | D:9      | Found a staircase to the Lair.
  9931 | D:10     | Entered Level 10 of the Dungeon
 10442 | D:10     | Learned a level 3 spell: Inner Flame
 10447 | D:10     | Learned a level 4 spell: Cause Fear
 10558 | D:10     | Noticed a two-headed ogre
 10632 | D:9      | Reached skill level 5 in Hexes
 10746 | D:10     | Learned a level 4 spell: Dimensional Bullseye
 11153 | D:10     | Killed a two-headed ogre
 11296 | D:10     | Found a white marble altar of Elyvilon.
 11376 | D:10     | Found a glowing silver altar of Zin.
 11378 | D:10     | Found a shimmering blue altar of Sif Muna.
 11378 | D:10     | Found a broken altar of Ashenzari.
 11378 | D:10     | Found a radiant altar of Vehumet.
 11379 | D:10     | Found a blossoming altar of Fedhas.
 11380 | D:10     | Found an opulent altar of Gozag.
 11383 | D:10     | Found a shimmering altar of Xom.
 11388 | D:10     | Became a worshipper of Gozag Ym Sagoz the Greedy
 12201 | D:11     | Noticed a two-headed ogre
 12234 | D:11     | Killed a two-headed ogre
 12235 | D:11     | Reached skill level 1 in Translocations
 12240 | D:11     | Reached skill level 2 in Translocations
 12456 | D:12     | Noticed a red ugly thing
 12477 | D:11     | Killed a red ugly thing
 12478 | D:11     | Reached skill level 3 in Translocations
 12911 | D:12     | Reached skill level 4 in Translocations
 12961 | D:12     | Reached XP level 12. HP: 97/101 MP: 16/18
 13132 | D:12     | Reached skill level 5 in Translocations
 13554 | Lair:1   | Entered Level 1 of the Lair of Beasts
 13826 | Lair:1   | Noticed Urug
 13841 | Lair:1   | Killed Urug
 14118 | Lair:1   | Reached skill level 6 in Translocations
 14510 | Lair:2   | Reached skill level 5 in Spellcasting
 14564 | Lair:2   | Reached skill level 7 in Translocations
 14870 | Lair:2   | Reached skill level 8 in Translocations
 15093 | Lair:2   | Noticed a four-headed hydra
 15104 | Lair:2   | Killed a four-headed hydra
 15724 | Lair:2   | Found a hide-covered altar of Uskayaw.
 15724 | Lair:2   | Found an ornate altar of the Wu Jian Council.
 15724 | Lair:2   | Noticed a boulder beetle
 15750 | Lair:2   | Killed a boulder beetle
 15751 | Lair:2   | Reached skill level 10 in Fighting
 15816 | Lair:2   | Noticed Gastronok
 15834 | Lair:2   | Killed Gastronok
 16344 | Lair:2   | Learned a level 3 spell: Teleport Other
 16429 | Lair:3   | Reached XP level 13. HP: 113/113 MP: 21/21
 17051 | Lair:3   | Found a hole to the Spider Nest.
 17319 | Lair:3   | Reached skill level 9 in Translocations
 17536 | Lair:3   | Found a staircase to the Shoals.
 17985 | Lair:3   | Noticed Josephine
 18005 | Lair:3   | Killed Josephine
 18486 | Lair:3   | Found the +8 whip "Snakebite" {venom, curare, rPois}
 18729 | Lair:4   | Found a staircase to the Slime Pits.
 18997 | Lair:4   | Found an opulent altar of Gozag.
 19054 | Lair:4   | Reached skill level 10 in Translocations
 19270 | Lair:4   | Reached skill level 10 in Hexes
 19470 | Lair:4   | Bought the +8 storm bow {elec, penet} for 884 gold pieces
 19470 | Lair:4   | Found the +8 storm bow {elec, penet}
 19479 | Lair:5   | Entered Level 5 of the Lair of Beasts
 19803 | Lair:5   | Found a transporter.
 19803 | Lair:5   | Found a transporter.
 19975 | Lair:5   | Noticed Nischiwk's ghost (journeyman TrSh)
 20005 | Lair:5   | Identified the +6 scale mail "Pohoj" {rC+ rN+}
 20636 | Lair:5   | Reached XP level 14. HP: 101/121 MP: 23/23
 20966 | Lair:5   | Identified the +3 spear of Yeast {holy, *Rage +Blink rElec}
 21295 | D:3      | Killed riffraff's ghost
 21634 | Orc:1    | Entered Level 1 of the Orcish Mines
 22087 | Orc:2    | Entered Level 2 of the Orcish Mines
 22219 | Orc:2    | Found a staircase to the Elven Halls.
 22415 | Orc:2    | Found Ciujakog's Book Shoppe.
 23137 | Orc:2    | Reached skill level 15 in Ranged Weapons
 23416 | Orc:2    | Found Zeitus Teill's Antique Armour Shoppe.
 23417 | Orc:2    | Found Hirirr's Weapon Emporium.
 23417 | Orc:2    | Found Xuca's Antique Weapon Shoppe.
 23418 | Orc:2    | Found Winesk's Book Shoppe.
 23518 | Orc:2    | Bought a fading cloak for 218 gold pieces
 23518 | Orc:2    | Identified the +0 cloak of the Pits of Slime {rF+ rC++
                  | Str+4} (You bought it in a shop on level 2 of the Orcish
                  | Mines)
 23607 | Orc:2    | Bought a book of Minor Magic for 224 gold pieces
 23610 | Orc:2    | Learned a level 2 spell: Blink
 23846 | D:13     | Noticed Snorg
 23856 | D:13     | Killed Snorg
 24434 | D:13     | Found a gate to the Vaults.
 25026 | D:14     | Reached XP level 15. HP: 129/129 MP: 21/24
 25692 | D:15     | Entered Level 15 of the Dungeon
 26816 | D:15     | Reached skill level 10 in Dodging
 26975 | D:15     | Found a staircase to the Depths.
 27314 | Shoals:1 | Entered Level 1 of the Shoals
 28024 | Shoals:1 | Noticed Roxanne
 29210 | Shoals:2 | Noticed Polyphemus
 29229 | Shoals:1 | Killed Polyphemus
 30411 | Shoals:3 | Reached XP level 16. HP: 146/146 MP: 25/25
 30424 | Shoals:3 | Learned a level 6 spell: Dispersal
 31274 | Shoals:3 | Found Ivoesymp's Book Shop.
 31600 | Shoals:4 | Entered Level 4 of the Shoals
 33085 | Shoals:4 | Noticed Ilsuiw
 33323 | Shoals:4 | Killed Ilsuiw
 33379 | Shoals:4 | Got a barnacled rune of Zot
 33693 | Shoals:4 | Identified the ring "Jiust" {Fire Str+4 Int-2}
 34220 | Lair:3   | Bought the amulet "Veuluroenaco" {rElec Regen+} for 748
                  | gold pieces
 34300 | Spider:1 | Entered Level 1 of the Spider Nest
 34779 | Spider:1 | Reached XP level 17. HP: 148/149 MP: 0/26
 36260 | Spider:2 | Noticed Nikola
 36279 | Spider:2 | Killed Nikola
 37801 | Spider:3 | Identified the +0 leather armour "Xoce" {rN++ Str+3}
 37875 | Spider:4 | Entered Level 4 of the Spider Nest
 37899 | Spider:3 | Reached skill level 15 in Fighting
 39471 | Spider:4 | Reached skill level 11 in Translocations
 39749 | Spider:4 | Identified the +1 hat "Messidei" {rPois rC+ Int-2 Dex+3}
 39755 | Spider:4 | Got a gossamer rune of Zot
 40057 | Elf:1    | Entered Level 1 of the Elven Halls
 40076 | Elf:1    | Reached XP level 18. HP: 159/166 MP: 27/27
 40136 | Elf:1    | Found Laejy's Vocational Training.
 40154 | Elf:1    | Found Wifres's Book Shop.
 40162 | Elf:1    | Paralysed by an air elemental for 1 turns
 40166 | Elf:1    | Paralysed by an air elemental for 1 turns
 40253 | Elf:1    | Reached skill level 12 in Translocations
 40266 | Elf:1    | Found a crumbling gateway.
 40328 | Desolati | Entered the Desolation of Salt
 40686 | Desolati | Identified the ring "Plog" {rPois rF+ rN++ Will+ Stlth-}
 40735 | Desolati | Reached skill level 13 in Translocations
 41294 | Desolati | Reached skill level 14 in Translocations
 41994 | Desolati | Identified the +3 chain mail of Conscience {+Blink Int+6}
 42277 | Desolati | Got the Directory of the Harmful Atmosphere
 42318 | Desolati | Got the Spellbook of Amorphous Metal
 42386 | Desolati | Identified the staff of Causality {Will- MP+9 Int+4 Air
                  | Earth}
 43124 | Elf:1    | Reached XP level 19. HP: 164/172 MP: 31/31
 43178 | Elf:1    | Got the Collected Works on Battle Magic
 43497 | Elf:1    | Identified the +2 plate armour of Discretion {Dex+2}
 43919 | Elf:2    | Noticed Agnes
 43931 | Elf:2    | Killed Agnes
 44055 | Elf:2    | Found Beec's Jewellery Emporium.
 44059 | Elf:2    | Found Xelopro's Armour Emporium.
 44059 | Elf:2    | Found Keevy's Armour Shoppe.
 44064 | Elf:2    | Found Lysefa's Antique Armour Shoppe.
 44084 | Elf:2    | Bought a pair of embroidered boots for 330 gold pieces
 44084 | Elf:2    | Bought a pair of glowing boots for 330 gold pieces
 44096 | Elf:2    | Bought a pair of embroidered gloves for 330 gold pieces
 44413 | Elf:2    | Found a portal to a secret trove of treasure.
 44535 | Elf:2    | Found a huge runed translucent gate.
 44535 | Elf:2    | Found a huge runed translucent gate.
 44535 | Elf:2    | Found a huge runed translucent gate.
 44538 | Elf:2    | Found a huge runed translucent gate.
 44538 | Elf:2    | Found a huge runed translucent gate.
 44629 | Elf:3    | Entered Level 3 of the Elven Halls
 44969 | Elf:3    | Found Riryxeta's Book Emporium.
 45139 | Elf:3    | Found Beol's Magic Scroll Boutique.
 45144 | Elf:3    | Bought a scroll of identify for 36 gold pieces
 45144 | Elf:3    | Identified a scroll of acquirement
 45145 | Elf:3    | Bought a scroll of teleportation for 54 gold pieces
 45145 | Elf:3    | Bought a scroll of blinking for 135 gold pieces
 45145 | Elf:3    | Bought a scroll of blinking for 135 gold pieces
 45145 | Elf:3    | Bought a scroll of blinking for 135 gold pieces
 45172 | Elf:3    | Identified the +3 quarterstaff of Midsummer {venom, rF+++
                  | rC- MP+9 Str-3}
 45240 | Elf:3    | Found Wonau's Weapon Boutique.
 45258 | Elf:3    | Found Unainon's Magic Scroll Shop.
 46269 | Elf:3    | Identified the +9 mace of the Aged Places {pain, rPois rF+
                  | MP+9}
 46269 | Elf:3    | Identified the +1 leather armour "Rauhe" {Str+2}
 46269 | Elf:3    | Identified the ring "Qiefrype" {rPois Will+++ rCorr AC+4
                  | Dex-5}
 46329 | Elf:3    | Identified the +7 great sword of Context {antimagic, rElec
                  | rPois rF+ Int+4 Stlth-}
 46352 | Elf:3    | Got the Grimoire of Frosty Fumes
 46444 | Elf:3    | Identified the +9 dagger "Boza" {heavy, Dex+3}
 46457 | Elf:3    | Got the Secrets of the Mob and Oxidation
 46461 | Elf:3    | Identified the staff "Beetleslayer" {^Drain rElec Str+6
                  | SInv Air}
 46494 | Elf:3    | Learned a level 4 spell: Passage of Golubria
 46564 | Elf:3    | Acquired 1268 gold pieces
 46566 | Elf:3    | Acquired 832 gold pieces
 46810 | D:13     | Bought a manual of Ranged Weapons for 1600 gold pieces
 46812 | Vaults:1 | Entered Level 1 of the Vaults
 47582 | Vaults:1 | Reached XP level 20. HP: 113/183 MP: 26/33
 47587 | Vaults:1 | Reached skill level 15 in Translocations
 48303 | Vaults:1 | Reached skill level 10 in Spellcasting
 48348 | Vaults:1 | Found a runed translucent door.
 48351 | Vaults:1 | Noticed eruonna's ghost (veteran HOBe)
 48886 | Vaults:2 | You fall into a shaft and drop 2 floors!
 48980 | Vaults:3 | Found Ano Pum's Distillery.
 48985 | Vaults:3 | Bought a potion of curing for 45 gold pieces
 48985 | Vaults:3 | Bought a potion of heal wounds for 75 gold pieces
 48985 | Vaults:3 | Bought a potion of haste for 150 gold pieces
 48985 | Vaults:3 | Bought a potion of heal wounds for 75 gold pieces
 48985 | Vaults:3 | Bought 2 potions of curing for 90 gold pieces
 48985 | Vaults:3 | Bought a potion of magic for 120 gold pieces
 49050 | Vaults:2 | Found Hocetaip's Distillery.
 49170 | Vaults:2 | Found a magical portal.
 49185 | WizLab   | Entered Tukima's Studio
 49273 | WizLab   | Noticed James's illusion
 49436 | WizLab   | Noticed James's illusion
 49468 | WizLab   | Identified the scarf of Impermeability {harm, rF+ Str-4
                  | Dex+2 SInv}
 49478 | WizLab   | Identified the +7 triple crossbow "Vynlim" {penet, Int+4}
 50784 | Vaults:2 | Found a staircase to the Crypt.
 51143 | Vaults:2 | Bought a potion of curing for 39 gold pieces
 51143 | Vaults:2 | Bought a potion of curing for 39 gold pieces
 51143 | Vaults:2 | Bought a potion of curing for 39 gold pieces
 51461 | Elf:2    | You paid a toll of 17 potions of curing to enter a treasure
                  | trove
 51462 | Trove    | Entered a treasure trove
 51464 | Trove    | Found the +0 mask of the Dragon {Will+ Slay+3 SInv}
 51469 | Trove    | Identified the +2 cloak "Pymiklom" {rPois rC+ Int+3}
 51482 | Trove    | Identified the +0 pair of boots "Roywal" {Will+ Dex+4
                  | Slay-6}
 51485 | Trove    | Identified the +0 pair of gloves of Immorality {^Contam
                  | Harm Dex+3}
 51487 | Trove    | Identified the +1 hat "Wocsyfa" {rElec rPois}
 51490 | Trove    | Identified the +1 pair of gloves of Romum {rElec rF- rN++
                  | Regen+}
 51492 | Trove    | Identified the +2 cloak of the Other World {Int+3}
 51496 | Trove    | Identified the +5 kite shield "Lihad" {Fly rElec Int+3
                  | Dex+3}
 51855 | Vaults:3 | Noticed Saint Roka
 52419 | Vaults:3 | Killed Saint Roka
 52420 | Vaults:3 | Reached XP level 21. HP: 149/193 MP: 32/35
 54306 | Vaults:4 | Found Noyticurgh's Armour Emporium.
 54956 | Shoals:1 | Killed Roxanne
 55239 | Depths:1 | Entered Level 1 of the Depths
 55248 | D:15     | Reached skill level 16 in Translocations
 55464 | Depths:1 | Found a gateway to Hell.
 55465 | Depths:1 | Found Gulopt's CLEARANCE SALE!.
 55486 | Depths:1 | Found a one-way gate leading to the halls of Pandemonium.
 55521 | Depths:1 | Found a one-way gateway to a ziggurat.
 55639 | Depths:1 | Found a one-way gate to the infinite horrors of the Abyss.
 55874 | Depths:2 | Found a runed translucent door.
 56311 | Depths:2 | Identified the +6 halberd of the Eleven Moons {freeze,
                  | rCorr}
 56763 | Depths:2 | Identified the +5 short sword "Yzaen" {flame, rElec rN+
                  | SInv}
 56783 | Depths:2 | Identified the amulet "Riggoen" {Reflect rC+ Str+5 SH+5}
 56958 | Depths:2 | You are sucked into a shaft and drop 2 floors!
 56958 | Depths:4 | Entered Level 4 of the Depths
 57244 | Depths:2 | Found Luso's Jewellery Emporium.
 57280 | Depths:3 | Noticed Sojobo
 57280 | Depths:3 | Found Pafyge Woca's Book Emporium.
 57452 | Depths:3 | Paralysed by an air elemental for 1 turns
 57498 | Depths:2 | Killed Sojobo
 57742 | Depths:3 | Reached XP level 22. HP: 164/203 MP: 37/37
 57922 | Depths:3 | Found Qabovy's Jewellery Shop.
 57923 | Depths:3 | Found Kiulayvo's Book Emporium.
 58605 | Depths:3 | Noticed a juggernaut
 58616 | Depths:3 | Killed a juggernaut
 58674 | Depths:3 | Noticed a golden dragon
 58687 | Depths:3 | Killed a golden dragon
 58898 | Depths:4 | Identified the orb of the Invisible Hand {*channel, Rampage
                  | Str+8 Int-2 Stlth-}
 58898 | Depths:4 | Noticed Frederick
 58918 | Depths:3 | Killed Frederick
 59051 | Depths:4 | Reached skill level 15 in Dodging
 59136 | Depths:4 | Reached skill level 17 in Translocations
 59162 | Depths:4 | Found a runed translucent door.
 59212 | Depths:4 | Reached skill level 15 in Hexes
 59282 | Depths:4 | Got the Volume of Gathered Lamentation
 59312 | Depths:4 | Noticed a golden dragon
 59323 | Depths:4 | Killed a golden dragon
 59388 | Depths:4 | Found a gate to the Realm of Zot.
 59616 | Depths:4 | Noticed a golden dragon
 59625 | Depths:4 | Killed a golden dragon
 59807 | Depths:4 | Noticed a juggernaut
 59823 | Depths:4 | Killed a juggernaut
 59970 | Depths:4 | Noticed Beghahau's ghost (veteran SpBr)
 60345 | Crypt:1  | Entered Level 1 of the Crypt
 60528 | Crypt:1  | Reached XP level 23. HP: 147/207 MP: 40/40
 60808 | Crypt:1  | Found an ancient bone altar of Kikubaaqudgha.
 60821 | Crypt:1  | Identified the +4 orcbow of Qouxoe {freeze, Will+ Dex+2}
 61487 | Crypt:1  | Identified the staff of Terra Cotta {*Slow +Blink rF+ Int-4
                  | Fire Alchemy}
 61947 | Crypt:2  | Noticed a royal mummy
 61948 | Crypt:2  | Noticed Khufu
 62072 | Crypt:1  | Killed a royal mummy
 62102 | Crypt:2  | Noticed a royal mummy
 62187 | Crypt:1  | Killed a royal mummy
 62320 | Crypt:1  | Learned a level 7 spell: Enfeeble
 62672 | Elf:1    | Bought the Spellbook of Non-Euclidean Detritus for 608 gold
                  | pieces
 62681 | Elf:1    | Learned a level 8 spell: Disjunction
 63003 | Vaults:1 | Killed eruonna's ghost
 63186 | Vaults:5 | Entered Level 5 of the Vaults
 63405 | Vaults:5 | Identified the +4 short sword of Upheaval {drain, *Noise
                  | +Blink rPois MP+9}
 63480 | Vaults:5 | Reached skill level 18 in Translocations
 63601 | Vaults:5 | Identified the +0 leather armour "Ferok" {Rampage Str+3}
 63925 | Vaults:5 | Noticed an ancient lich
 63942 | Vaults:5 | Killed an ancient lich
 63986 | Vaults:5 | Noticed a dread lich
 63993 | Vaults:5 | Killed a dread lich
 64130 | Vaults:5 | Identified the amulet "Xishromopp" {Spirit rPois Int+3
                  | Slay+5}
 64247 | Vaults:5 | Reached XP level 24. HP: 225/225 MP: 38/41
 64271 | Vaults:5 | Identified the staff of the Sun {rElec rF- Str+3 Dex+2 Air}
 64272 | Vaults:5 | Identified the +0 helmet "Votirgh" {Regen+}
 65164 | Vaults:5 | Got a silver rune of Zot
 65174 | Vaults:5 | Learned a level 1 spell: Apportation
 65206 | Vaults:5 | Noticed an ancient lich
 65225 | Vaults:5 | Killed an ancient lich
 65667 | Zot:1    | Entered Level 1 of the Realm of Zot
 67286 | Zot:2    | Reached skill level 19 in Translocations
 68611 | Zot:2    | Reached skill level 5 in Maces & Flails
 68905 | Zot:2    | Noticed a Killer Klown
 68918 | Zot:2    | Noticed a Killer Klown
 68919 | Zot:2    | Killed a Killer Klown
 68937 | Zot:2    | Killed a Killer Klown
 70131 | Elf:3    | Bought a scroll of enchant weapon for 135 gold pieces
 70692 | Zot:3    | Reached skill level 10 in Maces & Flails
 71092 | Zot:3    | Reached XP level 25. HP: 206/235 MP: 38/41
 71141 | Zot:3    | Identified the +5 quarterstaff of Jaepnoch {freeze, ^Contam
                  | rF- rN+++ Dex+4}
 71958 | Zot:4    | Noticed Grunn
 71988 | Zot:4    | Killed Grunn
 72052 | Zot:4    | Noticed an orb of fire
 72052 | Zot:4    | Gained mutation: You are weak. (Str -2) [an orb of fire]
 72053 | Zot:4    | Gained mutation: You are very weak. (Str -4) [an orb of
                  | fire]
 72061 | Zot:4    | Gained mutation: You occasionally shout uncontrollably at
                  | your foes. [an orb of fire]
 72062 | Zot:4    | Gained mutation: Your magical capacity is low. (-10% MP)
                  | [an orb of fire]
 72067 | Zot:4    | Killed an orb of fire
 72068 | Zot:4    | Reached skill level 20 in Translocations
 72135 | Zot:3    | Acquired 1282 gold pieces
 72139 | Zot:3    | Acquired 799 gold pieces
 72847 | Zot:4    | Noticed a dread lich
 72850 | Zot:4    | Noticed a dread lich
 72851 | Zot:4    | Noticed a dread lich
 72854 | Zot:4    | Noticed a dread lich
 72855 | Zot:4    | Noticed a dread lich
 72988 | Zot:3    | Killed a dread lich
 73007 | Zot:3    | Killed a dread lich
 73035 | Zot:3    | Killed a dread lich
 73036 | Zot:3    | Reached skill level 21 in Translocations
 73036 | Zot:3    | Killed a dread lich
 73080 | Zot:3    | Killed a dread lich
 73725 | Zot:5    | Entered Level 5 of the Realm of Zot
 74114 | Zot:5    | Noticed an orb of fire
 74833 | Zot:5    | Reached skill level 22 in Translocations
 74834 | Zot:5    | Noticed a Killer Klown
 74835 | Zot:5    | Noticed an orb of fire
 74836 | Zot:5    | Noticed an ancient lich
 74837 | Zot:5    | Noticed a Killer Klown
 74839 | Zot:5    | Noticed an orb of fire
 74858 | Zot:4    | Gained mutation: You occasionally lose the ability to read
                  | scrolls when taking damage. [an orb of fire]
 74859 | Zot:4    | Gained mutation: You occasionally lose the ability to drink
                  | potions when taking damage. [an orb of fire]
 74861 | Zot:4    | Gained mutation: Your body sometimes deteriorates upon
                  | taking damage. [an orb of fire]
 74864 | Zot:4    | Gained mutation: You are dopey. (Int -2) [an orb of fire]
 74869 | Zot:4    | Lost mutation: You are very weak. (Str -4) [an orb of fire]
 74872 | Zot:4    | Killed an orb of fire
 75048 | Zot:4    | Lost mutation: You are weak. (Str -2) [potion of mutation]
 75048 | Zot:4    | Lost mutation: You have a pair of small horns on your head.
                  | [potion of mutation]
 75048 | Zot:4    | Lost mutation: Your body sometimes deteriorates upon taking
                  | damage. [potion of mutation]
 75048 | Zot:4    | Lost mutation: You are dopey. (Int -2) [potion of mutation]
 75048 | Zot:4    | Gained mutation: You expend magic power (3 MP) to
                  | strengthen your wands. [potion of mutation]
 75049 | Zot:4    | Lost mutation: You occasionally lose the ability to read
                  | scrolls when taking damage. [potion of mutation]
 75049 | Zot:4    | Lost mutation: You occasionally shout uncontrollably at
                  | your foes. [potion of mutation]
 75049 | Zot:4    | Lost mutation: You expend magic power (3 MP) to strengthen
                  | your wands. [potion of mutation]
 75049 | Zot:4    | Gained mutation: You have sharp toenails. [potion of
                  | mutation]
 75049 | Zot:4    | Gained mutation: Your mind is acute. (Int +4, Str/Dex -1)
                  | [potion of mutation]
 75195 | Zot:5    | Killed an orb of fire
 75243 | Zot:5    | Noticed a Killer Klown
 75260 | Zot:5    | Killed a Killer Klown
 75470 | Zot:5    | Noticed a Killer Klown
 75473 | Zot:5    | Noticed a Killer Klown
 75476 | Zot:5    | Noticed a Killer Klown
 75479 | Zot:5    | Killed an ancient lich
 75480 | Zot:5    | Noticed a Killer Klown
 75489 | Zot:5    | Killed a Killer Klown
 75499 | Zot:5    | Killed a Killer Klown
 75500 | Zot:5    | Reached skill level 23 in Translocations
 75670 | Zot:4    | Killed a Killer Klown
 75685 | Zot:4    | Killed a Killer Klown
 75786 | Zot:4    | Killed a Killer Klown
 75787 | Zot:4    | Reached XP level 26. HP: 125/244 MP: 33/37
 77232 | Slime:1  | Entered Level 1 of the Pits of Slime
 77351 | Slime:1  | Reached skill level 24 in Translocations
 77878 | Slime:2  | Paralysed by a formless jellyfish for 1 turns
 78041 | Slime:2  | Gained mutation: You are clumsy. (Dex -2) [a shining eye]
 78050 | Slime:2  | Paralysed by a formless jellyfish for 1 turns
 78133 | Slime:2  | Gained mutation: Your spells are a little easier to cast,
                  | but a little less powerful. [a shining eye]
 79267 | Slime:1  | Gained mutation: You have razor-sharp toenails. [a shining
                  | eye]
 79666 | Slime:3  | You are sucked into a shaft and drop 1 floor!
 79944 | Slime:4  | Reached skill level 25 in Translocations
 80297 | Slime:4  | Gained mutation: You are vulnerable to heat. (rF-) [a
                  | shining eye]
 81423 | Slime:5  | Entered Level 5 of the Pits of Slime
 81802 | Slime:5  | Noticed Dissolution
 81833 | Slime:4  | Gained mutation: You are frail. (-10% HP) [a shining eye]
 81851 | Slime:5  | Slain by Dissolution

Illustrated notes

Levels and vault maps discovered:
D:1:      dpeg_arrival_connections, layout_basic, st_stairs_4
D:2:      layout_rooms, shapermc_ecumenical_altar_mp_urbaneastern,
          hangedman_decor_clover_reticule
D:3:      layout_loops_ring, gammafunk_ghost_smash, cheibrodos_gnoll_hut
D:4:      layout_layer_cave, serial_shops, nicolae_shop_tiny_statue_garden
D:5:      layout_loops_cross, gammafunk_temple_overflow_elements,
          minmay_tree_intersection
D:6:      layout_basic, okawaru_trees_2, worldfamousw_hep_ancestral_shrine,
          minmay_temple_entry_water_ring, st_stairs_2, kennysheep_generic_room_8
D:7:      layout_loops_ring, uniq_joseph
D:8:      layout_loops_cross, serial_rivers, chequers_serial_rivers_micro_a,
          chequers_serial_rivers_small_b, chequers_serial_rivers_room_a,
          chequers_serial_rivers_micro_b, grunt_decor_resistance, hex_medium,
          uniq_maurice, uniq_maggie
D:9:      layout_rooms, lair_entry_dummy, david_orc_4,
          nicolae_shop_overcharged_wands, uniq_psyche
D:10:     layout_rooms, minitemple, serial_demonic, serial_demonic_f,
          serial_demonic_a, serial_demonic_b, serial_demonic_b,
          serial_demonic_g, serial_demonic_e
D:11:     layout_basic, minivault_25_ag, minmay_fountain_box
D:12:     layout_irregular_city, lemuel_freeze_loot_1
D:13:     layout_loops_ring, lightli_vaults_fourway_checkpoint, uniq_snorg
D:14:     layout_basic, dk_noncrumbling_3
D:15:     grunt_enter_depths_hoard, layout_basic, amcnicky_mini_pool_small
Temple:   hellmonk_temple_beads
Lair:1:   layout_cave_pods, fungi_pond_lemuel, uniq_urug
Lair:2:   layout_long_grid, nzn_masters_of_martial_movement, uniq_gastronok
Lair:3:   minmay_guarded_unrand_snakebite, layout_regular_city,
          minmay_shoals_entry_centaurs, nicolae_spider_entry_tight_spaces,
          serial_bayou_shore_b, uniq_josephine
Lair:4:   layout_big_grid, nicolae_slime_entry_field_trip, basic_altar,
          nicolae_quartered_pool_super, grunt_megastairs_2
Lair:5:   evilmike_catoblepas_cave, layout_regular_city, gammafunk_ghost_hive,
          serial_bayou_shore_b, lemuel_fruit_fields
Shoals:1: layout_shoals, uniq_roxanne
Shoals:2: layout_shoals, uniq_polyphemus
Shoals:3: layout_shoals, serial_shops, shop, nicolae_shoals_water_shrine
Shoals:4: shoals_end_grunt_ice, layout_shoals, shoals_ilsuiw_ice,
          nicolae_shoals_dead_sea_scrolls
Spider:1: layout_spider_delve, nicolae_spider_webbed_stairs
Spider:2: layout_cave_pods, uniq_nikola
Spider:3: layout_spider_delve, einodemon_crawler_minivault
Spider:4: grunt_spider_rune_circles
Slime:1:  nicolae_slime_pool, layout_caves
Slime:2:  layout_caves, nicolae_slime_getting_an_eyeful
Slime:3:  layout_caves, nicolae_slime_round_cave
Slime:4:  cheibrodos_slime_lost_civilization_8, layout_caves,
          nicolae_slime_phagocytosis
Slime:5:  slime_pit_nicolae_block_by_block, uniq_dissolution
Orc:1:    layout_diamond_mine
Orc:2:    st_orc_pillars, layout_caves, serial_shops, shop
Elf:1:    eino_elf_arrival_customs, layout_loops_corners,
          portal_desolation_entry_nicolae_forbidding_blocks, serial_shops,
          nicolae_shop_statue_plus, minmay_elf_annihilation,
          nicolae_shop_vocational
Elf:2:    elven_hall_of_blades_hangedman_alternative
          [nicolae_blade_entry_sentries_behind_glass], layout_geoelf_diagonals,
          enter_trove_0, onia_ninara_cookie, minmay_shoptagon, uniq_agnes
Elf:3:    elf_hall, layout_geoelf_octagon, serial_shops,
          nicolae_shop_pleasant_corner_grove, shop, shop, shop,
          corexii_leaking_fountain, grunt_megastairs_3
Vaults:1: hellmonk_ghost_big_iron, nicolae_vaults_ellipses_ellipsis,
          vaults_room_ringed_pool, v_misc_30, vaults_mumra_chevron_long,
          nicolae_vaults_turnstiles, v_pattern_5, vaults_mumra_hex, v_misc_10,
          st_hourglassy, ontoclasm_vaults_pinch,
          nicolae_vaults_little_squares_2, layout_vaults_omnibox
Vaults:2: mu_enter_wizlab_4, nicolae_vaults_closet_pinwheel_5, v_misc_9,
          v_misc_4, blue_anna_dwarven_crypt, v_misc_27,
          nicolae_vaults_trapezoid_lopsided_1, layout_vaults_omnigrid,
          serial_shops, shop
Vaults:3: nicolae_vaults_specimen_jars, ontoclasm_vaults_hangar,
          hangedman_vaults_variations, nicolae_vaults_house_1,
          nicolae_vaults_two_Ls, hangedman_vaults_hat,
          nicolae_vaults_mini_display_case, ontoclasm_vaults_claustrophobia,
          hangedman_vaults_impose, layout_vaults_maze_snakey, serial_shops,
          shop, uniq_saint_roka
Vaults:4: vaults_dpeg_cross, hangedman_vaults_trim, nicolae_vaults_wine_cellar,
          nicolae_vaults_tetromino_L_2, v_misc_22, hangedman_vaults_nails,
          v_misc_13, hangedman_vaults_trim, vaults_room_boxed,
          nicolae_vaults_trapezoid_1, nicolae_vaults_closet_pinwheel_6,
          nicolae_vaults_murder_corner, layout_vaults_big_room, serial_shops,
          shop
Vaults:5
Crypt:1:  lemuel_vampire_tower, layout_gridlike, small_chamber_with_monster,
          lemuel_upstairs_altar, grunt_megastairs_5
Crypt:2:  layout_misc_corridors, tombwall_bobbens, grunt_megastairs_1,
          uniq_khufu, uniq_jory, uniq_donald
Depths:1: layout_cross, enter_ziggurat_d, hangedman_abyss_or_decor_stagger,
          rand_demon_pan_entry_3, hell_entry, abyss_entry,
          nicolae_shop_clearance
Depths:2: kennysheep_oblong_rooms, layout_basic, pan_entry, serial_shops,
          nicolae_shop_gaudy_bauble, minmay_misc_feat_plants, lightli_too_deep,
          nicolae_abyss_entry_one_way_or_another, minmay_acid_items,
          serial_bayou_shore_b
Depths:3: grunt_bent_corner, layout_cave_pools, hell_entry, pan_entry,
          abyss_entry_glasseish, minmay_liquid_box, lemuel_flamethrower_3,
          minmay_shop_grove, infiniplex_staircase_zigzag_5, uniq_sojobo
Depths:4: grunt_zot_entry_alcove, layout_cave_pools, serial_column_ruins,
          column_ruins_portal_astroid, column_ruins_square_large,
          column_ruins_hut_water, column_ruins_corridor_straight,
          column_ruins_columns_corner, column_ruins_columns_corner,
          pf_hell_entry_tar_river, gammafunk_ghost_grave,
          eino_small_chamber_without_monster, uniq_frederick
Zot:1:    lemuel_acid_trip, layout_onion_interference
Zot:2:    circus_mu, layout_cathedral_of_symmetry
Zot:3:    layout_gridlike
Zot:4:    hellmonk_paralyzer, layout_misc_corridors,
          hangedman_zot_decor_scrapings, uniq_grunn
Zot:5:    layout_misc_corridors, nrook_zot_tub

Skill      XL: |  1  2  3  4  5  6  7  8  9 10 11 12 13 14 15 16 17 18 19 20 21 22 23 24 25 26 |
---------------+-------------------------------------------------------------------------------+-----
Ranged Weapons | 2 3 4 5 6 7 9 12 13 16 19 20 21 22 | 22.4
Dodging        | 2 3 4 5 6 7 8 11 12 13 14 15 16 | 16.9
Fighting       | 2 3 4 6 7 8 10 11 14 16 17 18 19 20 21 | 21.0
Hexes          | 3 4 8 10 11 13 14 15 16 | 16.8
Spellcasting   | 2 4 5 6 8 9 10 11 13 14 | 14.9
Fire Magic     | 3 |  3.0
Translocations | 4 8 10 11 14 15 16 17 18 19 23 25 | 25.4
Maces & Flails | 12 | 12.0

Action                     |  1- 3 |  4- 6 |  7- 9 | 10-12 | 13-15 | 16-18 | 19-21 | 22-24 | 25-27 || total
---------------------------+-------+-------+-------+-------+-------+-------+-------+-------+-------++-------
  Melee: Dagger            |       |     6 |       |       |       |       |       |       |       ||     6
         Tailslap          |       |     2 |       |       |       |       |     1 |     1 |     1 ||     5
         Spear             |       |       |     7 |     7 |       |       |       |       |       ||    14
         Unarmed           |       |       |       |    19 |       |       |       |       |       ||    19
         Headbutt          |       |       |       |     1 |       |       |     1 |     1 |       ||     3
         Orcbow            |       |       |       |     1 |       |       |       |       |       ||     1
         Whip              |       |       |       |       |       |     3 |     7 |     3 |       ||    13
         Demon whip        |       |       |       |       |       |       |       |       |     2 ||     2
   Fire: Sling             |    92 |   121 |   172 |       |       |       |       |       |       ||   385
         Orcbow            |       |       |    70 |   920 |   297 |       |       |       |       ||  1287
         Longbow           |       |       |       |       |   942 |  1723 |  1636 |  2170 |  1485 ||  7956
         Arbalest          |       |       |       |       |       |       |       |       |    37 ||    37
  Throw: Dart              |       |       |       |     1 |       |       |       |       |       ||     1
   Cast: Jinxbite          |     2 |    10 |    32 |    90 |    61 |    18 |       |       |       ||   213
         Dimensional Bulls |       |       |       |    15 |    48 |    64 |   106 |    53 |    41 ||   327
         Inner Flame       |       |       |       |     1 |     4 |       |       |       |       ||     5
         Teleport Other    |       |       |       |     1 |     2 |       |       |       |       ||     3
         Cause Fear        |       |       |       |       |       |     1 |     3 |       |       ||     4
         Blink             |       |       |       |       |       |     3 |       |     1 |       ||     4
         Sigil of Binding  |       |       |       |       |       |     1 |     1 |     1 |       ||     3
         Passage of Golubr |       |       |       |       |       |       |     4 |     3 |     1 ||     8
         Disjunction       |       |       |       |       |       |       |       |       |    27 ||    27
 Invoke: Call Merchant     |       |       |       |       |     3 |     2 |     2 |     3 |       ||    10
         Potion Petition   |       |       |       |       |       |       |     2 |     2 |     2 ||     6
  Evoke: Wand              |       |       |     2 |     1 |       |       |     1 |       |       ||     4
    Use: Scroll            |       |    13 |     1 |     9 |     4 |     4 |    13 |    12 |     4 ||    60
         Potion            |       |       |       |     3 |       |     2 |     4 |       |     4 ||    13
 Armour: Skin              |    17 |    77 |   140 |   364 |   396 |   708 |   498 |   710 |   964 ||  3874
  Dodge: Dodged            |    29 |    82 |   136 |   588 |   454 |   860 |   530 |   873 |   704 ||  4256
